 Dungeon Crawl Stone Soup version 0.19-a0-1185-gacb3972 (webtiles) character file.

131065 Gorice the Spry (level 17, -5/108 HPs)
             Began as a Kobold Enchanter on Aug 17, 2016.
             Was the Champion of Okawaru.
             Slain by a demonic crawler (9 damage)
             ... on level 3 of the Spider Nest on Aug 18, 2016.
             The game lasted 04:35:43 (44449 turns).

Gorice the Spry (Kobold Enchanter)                 Turns: 44449, Time: 04:35:44

Health: -5/108     AC: 11    Str: 13    XL:     17   Next: 66%
Magic:  1/30       EV: 30    Int: 22    God:    Okawaru [******]
Gold:   1984       SH:  3    Dex: 18    Spells: 12 memorised, 2 levels left

rFire  + + .     SeeInvis +     a - +3 rapier of Vengeance {elec, rF+ rN+ Int+4}
rCold  . . .     Gourm    .     S - +0 steam dragon armour
rNeg   + . .     Faith    .     (shield restricted)
rPois  +         Spirit   .     w - +0 helmet {SInv}
rElec  .         Dismiss  .     O - +0 cloak {rPois}
rCorr  +         Reflect  +     U - +0 pair of gloves of the Valley of Death {rF+ MR+ Str+3 Stlth+}
MR     ++++.     Harm     .     x - +0 pair of boots
Stlth  +++++.....               f - +3 amulet of reflection
                                L - ring of resist corrosion
                                B - ring of the Mage {Wiz MR++ Int+3}

@: swift, repel missiles, quick
A: carnivore 3
a: Heroism, Finesse, Renounce Religion


You were on level 3 of the Spider Nest.
You worshipped Okawaru.
Okawaru was exalted by your worship.
You were very full.

You visited 4 branches of the dungeon, and saw 26 of its levels.
You also visited: Labyrinth and Ice Cave.

You collected 2434 gold pieces.
You spent 450 gold pieces at shops.

Inventory:

Hand Weapons
 a - the +3 rapier of Vengeance (weapon) {elec, rF+ rN+ Int+4}
   (You took it off Duvessa on level 6 of the Dungeon)

   Occasionally, upon striking a foe, it will discharge some electrical energy
   and cause terrible harm.
   It affects your intelligence (+4).
   It protects you from fire.
   It protects you from negative energy.
 A - a +6 quick blade of venom
   (Okawaru gifted it to you on level 3 of the Lair of Beasts)
Missiles
 v - 54 tomahawks (quivered)
 Y - 6 throwing nets
Armour
 m - a +1 buckler of reflection
   (Okawaru gifted it to you on level 2 of the Spider Nest)
 w - a +0 helmet of see invisible (worn)
   (You found it on level 6 of the Lair of Beasts)
 x - a +0 pair of boots (worn)
 O - a +0 cloak of poison resistance (worn)
   (Okawaru gifted it to you on level 5 of the Lair of Beasts)
 S - a +0 steam dragon armour (worn)
 U - the +0 pair of gloves of the Valley of Death (worn) {rF+ MR+ Str+3 Stlth+}
   (Okawaru gifted it to you on level 2 of the Orcish Mines)

   It affects your strength (+3).
   It protects you from fire.
   It affects your resistance to hostile enchantments.
   It makes you more stealthy.
Magical Staves
 b - an uncursed staff of power
Rods
 Q - a +1 rod of clouds (12/12) {!a}
   (You found it on level 9 of the Dungeon)
Jewellery
 d - an uncursed ring of protection from fire
 e - an uncursed ring of positive energy
 f - a +3 amulet of reflection (around neck)
 g - an uncursed ring of flight
 t - an uncursed ring of protection from cold
 B - the ring of the Mage (left hand) {Wiz MR++ Int+3}
   (You took it off a minotaur in a labyrinth)

   [ring of wizardry]

   It improves your spell success rate.
   It affects your intelligence (+3).
   It affects your resistance to hostile enchantments.
 L - a ring of resist corrosion (right hand)
Wands
 k - a wand of heal wounds (7/9) {!d}
 q - a wand of teleportation (7/9) {!d}
 s - a wand of acid (6/15)
 F - a wand of iceblast (9/15)
 R - a wand of digging (9/24)
Scrolls
 j - 7 scrolls of identify
 o - 5 scrolls of blinking
 D - 3 scrolls of magic mapping {!r}
 K - 4 scrolls of remove curse
 N - a scroll of fog
 T - 4 scrolls of teleportation {!r}
Potions
 h - 2 potions of magic {!q}
 i - 7 potions of curing
 l - 2 potions of heal wounds {unknown}
 p - a potion of lignification {!q}
 z - 2 potions of cancellation {!q}
 C - a potion of resistance {!q}
 G - 2 potions of berserk rage
 I - 2 potions of ambrosia
 J - 4 potions of agility {!q}
 V - 5 potions of haste {!q}
Books
 n - a book of Clouds
Comestibles
 c - 14 meat rations {!e}
 u - 8 beef jerkies


   Skills:
 - Level 13.0 Fighting
 - Level 14.1 Short Blades
 - Level 10.0 Throwing
 - Level 5.1 Armour
 - Level 17.0 Dodging
 - Level 8.0 Stealth
 + Level 9.5 Spellcasting
 + Level 14.4 Hexes
 - Level 3.0 Translocations
 - Level 5.0 Air Magic
 - Level 8.0 Invocations


You had 2 spell levels left.
You knew the following spells:

 Your Spells              Type           Power        Failure   Level  Hunger
a - Corona                Hex            ######.      1%          1    None
b - Confuse               Hex            ######..     1%          3    None
c - Ensorcelled Hibernat  Hex/Ice        #####.       1%          2    None
d - Dazzling Spray        Conj/Hex       #####.       1%          3    None
e - Tukima's Dance        Hex            ######..     1%          3    None
f - Darkness              Hex            ######....   1%          6    ######.
p - Portal Projectile     Tloc           ###...       3%          3    None
s - Silence               Hex/Air        ######....   1%          5    ####...
A - Apportation           Tloc           ###.......   1%          1    None
J - Blink                 Tloc           N/A          1%          2    None
M - Repel Missiles        Chrm/Air       ###...       1%          2    None
S - Swiftness             Chrm/Air       ###.....     1%          2    None


Dungeon Overview and Level Annotations

Branches:
Dungeon (15/15)            Temple (0/1) D:7            Lair (6/6) D:10
  Swamp (0/4) Lair:3       Spider (3/4) Lair:3        Slime (0/5) Lair:5
    Orc (2/2) D:11            Elf (0/3) Orc:2        Vaults (0/5) D:14
 Depths (0/5) D:15

Altars:
Ashenzari
Dithmenos
Gozag
Hepliaklqana
Kikubaaqudgha
Makhleb
Okawaru
Ru
Vehumet
Xom
Yredelemnul
The Shining One

Shops:
D:4 *?!([*   D:5 !   D:9 *   D:12 }**   D:15 ?   Orc:2 ?[:?

Portals:
Trove: D:14 (give 4 potions of cure mutation)

Annotations:
D:3 Gorice's ghost, amateur KoEn
D:4 jacquesderrida's ghost, amateur MiWr
D:10 vpUX: cold creatures vault, 4 exclusions
Lair:1 exclusion: oklob plant


Innate Abilities, Weirdness & Mutations

You are small and have problems with some larger weapons.
You are carnivorous and can eat meat at any time.


Message History

Confirm with . or Enter, or press ? or * to list all spells.
Aiming: Ensorcelled Hibernation
Press: ? - help, Shift-Dir - straight line, f - wolf spider
Aim: a wolf spider (moderately wounded, clinging, chance to defeat MR: 68%)
The wolf spider looks drowsy...
The helpless wolf spider fails to defend itself.
You stick the wolf spider like a pincushion!!!!
You kill the wolf spider!
Okawaru accepts your kill.
Casting: Ensorcelled Hibernation
Confirm with . or Enter, or press ? or * to list all spells.
Aiming: Ensorcelled Hibernation
Press: ? - help, Shift-Dir - straight line, f - wolf spider
Aim: a wolf spider (clinging, chance to defeat MR: 68%)
The wolf spider struggles to resist.
The wolf spider completely misses you. You block the wolf spider's attack.
You hit the wolf spider.
The wolf spider is lightly wounded.
The wolf spider misses you. The wolf spider completely misses you.
You puncture the wolf spider!
The wolf spider is lightly wounded.
The wolf spider closely misses you. The wolf spider completely misses you.
You hit the wolf spider.
The wolf spider is lightly wounded.
The wolf spider completely misses you. x2
You barely miss the wolf spider.
The wolf spider is lightly wounded.
You hit the wolf spider.
The wolf spider is lightly wounded.
The wolf spider hits you!
* * * LOW HITPOINT WARNING * * *
The wolf spider completely misses you.
Damage: 15 (max 22) Unknown command.
Casting: Ensorcelled Hibernation
Confirm with . or Enter, or press ? or * to list all spells.
You don't have enough magic to cast that spell.
The wolf spider misses you. The wolf spider closely misses you.
The wolf spider closely misses you. x2
The wolf spider misses you. The wolf spider closely misses you.
The wolf spider completely misses you. x2
Casting: Ensorcelled Hibernation
Confirm with . or Enter, or press ? or * to list all spells.
You feel quick. The wolf spider misses you. The wolf spider barely misses you.
The wolf spider hits you!
* * * LOW HITPOINT WARNING * * *
The wolf spider misses you. The demonic crawler hits you.
* * * LOW HITPOINT WARNING * * *
The demonic crawler barely misses you. The demonic crawler hits you!
You die...

#^.#..[...^.#....#. ..#.#......
#..#####.....###...##...#..#.s#
##...#.^.#.#...^..##..#.#......
#....#.##.###...###.......$###.
##.##..^#.......##.... #.##^^...
#≈≈....(####....#...# ##.#..###
#≈##.##...#...###y..####..^.....
## #........###.s.#.sy.##y.#....
####..#..#≈..@s.#....#†s##y..#
##.#.^##.<##..#..##.#..###..#..
##^.^.#....#†.##†.##..^#≈#...##.
#≈..^#.#.#^#..#...#....#...#.. #
###..######...#.#..#.#.##..#..
##....# ##..####..####...#..
#....### #....#...#^..# .#.
###....# ##.#.#...###....#.#
#.#..# ##.##....≈. .### #


You could see a demonic crawler, a wolf spider and a wasp.

Vanquished Creatures
  Saint Roka (Orc:2)
  Gastronok (Lair:2)
  3 orc warlords
  A frost giant (D:15)
  An emperor scorpion (Spider:2)
  An entropy weaver (Spider:1)
  The ghost of slayr the Bludgeoner, a journeyman OgBe of Trog (D:9)
  A minotaur (Lab)
  The ghost of B1inky the Nimble, a journeyman OpMo of Gozag (Lair:6)
  Erolcha (D:12)
  Josephine (Spider:1)
  A vault guard (D:14)
  10 hydras
  A catoblepas (D:14)
  3 centaur warriors (D:15)
  A death knight (D:13)
  5 orc high priests (Orc:2)
  5 skeletal warriors (D:15)
  A wizard (D:15)
  2 phantasmal warriors (D:14)
  Pikel (D:7)
  8 hill giants
  5 orc knights
  5 orb spiders
  15 wolf spiders
  2 griffons
  15 ugly things
  3 cyclopes
  2 deep elf magi
  4 orc sorcerers
  10 elephants
  2 black mambas
  A manticore (D:14)
  2 centaur zombies
  2 ice statues (IceCv)
  Joseph (Lair:1)
  15 spiny frogs
  2 gargoyles
  2 torpor snails
  3 rime drakes
  6 komodo dragons
  2 kobold demonologists (D:14)
  2 freezing wraiths
  7 demonic crawlers
  A tengu conjurer (D:14)
  8 ice devils (IceCv)
  A redback zombie (D:14)
  A queen bee (D:8)
  18 jumping spiders
  8 trolls
  3 meliai (D:13)
  19 blink frogs
  3 polar bears (Lair:6)
  A boulder beetle (Lair:5)
  33 redbacks
  20 tarantellas
  A centaur simulacrum (D:14)
  53 yaks
  A vampire (D:11)
  11 spriggans (Lair:6)
  6 wraiths
  A wyvern (D:14)
  A hungry ghost (D:8)
  A fire elemental (D:14)
  4 basilisks
  6 vampire mosquitoes
  A steam dragon (D:9)
  7 hippogriffs
  5 wargs
  A soldier ant (D:14)
  Duvessa (D:6)
  7 porcupines
  12 water moccasins
  34 orc warriors
  3 wasps (Lair:6)
  3 black bears (Lair:6)
  2 ice beasts
  6 phantoms
  A necrophage (D:15)
  2 boggarts (Lair:6)
  An eye of draining (D:15)
  33 wolves
  A sky beast (D:5)
  18 ogres
  14 centaurs
  12 crocodiles
  5 big kobolds
  23 giant frogs
  A gnoll sergeant (D:8)
  A water moccasin skeleton (D:4)
  Dowan (D:6)
  9 scorpions
  14 killer bees (D:8)
  12 wights
  A spriggan skeleton (Lab)
  2 troll skeletons (Lab)
  An electric eel (Lair:6)
  10 howler monkeys
  7 crimson imps
  3 giant frog zombies
  2 quasits
  6 human zombies (D:15)
  3 jellies
  24 orc wizards
  2 centaur skeletons
  11 hounds
  29 orc priests
  A gnoll shaman (D:9)
  5 giant frog skeletons
  A human skeleton (D:15)
  16 worker ants
  10 iguanas
  A killer bee zombie (D:9)
  7 sheep (Lair:6)
  2 ogre skeletons (Lab)
  A hound zombie (D:6)
  A mummy (D:15)
  A worker ant zombie (D:5)
  9 adders
  10 gnolls
  A howler monkey skeleton (D:11)
  57 river rats
  9 shadow imps
  7 white imps (IceCv)
  4 ufetubi (IceCv)
  3 adder zombies
  2 adder skeletons
  5 worms
  3 giant geckos
  121 orcs
  3 ball pythons
  7 giant cockroaches
  7 goblins
  9 hobgoblins
  14 jackals
  29 kobolds
  A quokka (D:2)
  11 bats
  6 giant newts
  2 gnoll zombies (D:2)
  2 jackal zombies
  12 rats
  2 fungi
  3 plants
1076 creatures vanquished.

Vanquished Creatures (collateral kills)
  An orc high priest (Orc:2)
  11 orc warriors
  3 wights (D:12)
  2 orc priests (Orc:2)
  6 orcs
23 creatures vanquished.

Vanquished Creatures (others)
  A reaper (IceCv)
  A boggart (Lair:6)
  A centaur (D:10)
  A giant frog skeleton (D:7)
  A river rat (Lair:1)
  6 white imps (IceCv)
  3 ufetubi (IceCv)
  An orc (D:8)
  2 butterflies (D:7)
  24 fungi
  12 plants
53 creatures vanquished.

Grand Total: 1152 creatures vanquished

Notes
Turn   | Place    | Note
-------+----------+-------------------------------------------
     0 | D:1      | Gorice the Kobold Enchanter began the quest for the Orb.
     0 | D:1      | Reached XP level 1. HP: 10/10 MP: 3/3
   260 | D:1      | Reached skill level 2 in Short Blades
   415 | D:1      | Reached XP level 2. HP: 6/15 MP: 5/5
   626 | D:1      | Reached skill level 3 in Short Blades
  1126 | D:1      | Reached XP level 3. HP: 18/19 MP: 6/6
  1192 | D:2      | Found a shadowy altar of Dithmenos.
  1204 | D:2      | Reached skill level 4 in Short Blades
  1310 | D:2      | HP: 3/19 [worm (8)]
  1633 | D:2      | HP: 5/19 [adder (1)]
  1637 | D:2      | Reached XP level 4. HP: 6/24 MP: 7/7
  1638 | D:2      | HP: 5/24 [poisoned by an adder]
  1645 | D:2      | HP: 4/24 [poisoned by an adder]
  1653 | D:2      | HP: 2/24 [poisoned by an adder]
  1959 | D:2      | HP: 7/24 [worm (1)]
  2178 | D:2      | Reached skill level 5 in Short Blades
  2391 | D:2      | Found a basalt altar of Yredelemnul.
  3121 | D:3      | Noticed Gorice's ghost (amateur KoEn)
  3250 | D:3      | Found an iron altar of Okawaru.
  3251 | D:3      | Found a hazy altar of Hepliaklqana.
  3284 | D:3      | Became a worshipper of Warmaster Okawaru
  3944 | D:3      | Reached XP level 5. HP: 28/28 MP: 8/8
  4014 | D:4      | Found Aganwuh's Armour Emporium.
  4035 | D:4      | Reached skill level 6 in Short Blades
  4043 | D:4      | Found Tase's Weapon Boutique.
  4062 | D:4      | Bought a +0 pair of boots for 45 gold pieces
  4427 | D:4      | Noticed a phantom
  4657 | D:4      | Noticed jacquesderrida's ghost (amateur MiWr)
  4871 | D:4      | Found Gozag's Platinum Reserve.
  4872 | D:4      | Found an ancient bone altar of Kikubaaqudgha.
  4880 | D:4      | Found a burning altar of Makhleb.
  4894 | D:4      | Found an opulent altar of Gozag.
  5225 | D:4      | Found Bepocaoh's General Store.
  5274 | D:4      | HP: 7/28 [worker ant (2)]
  5277 | D:4      | Reached skill level 7 in Short Blades
  5277 | D:4      | Reached XP level 6. HP: 18/32 MP: 7/9
  5295 | D:4      | HP: 9/32 [worker ant (1)]
  5296 | D:4      | HP: 2/32 [worker ant (7)]
  5598 | D:4      | Found Fiaxau Fong's Magic Scroll Shop.
  5619 | D:4      | Noticed an ogre
  5638 | D:4      | Found Gale's Distillery.
  5643 | D:4      | HP: 1/32 [ogre/giant spiked club (31)]
  5680 | D:3      | HP: 3/32 [giant gecko (1)]
  6272 | D:4      | Noticed a phantom
  6643 | D:3      | Killed a phantom
  6643 | D:3      | Reached skill level 8 in Short Blades
  6791 | D:4      | Reached skill level 9 in Short Blades
  6791 | D:4      | Reached XP level 7. HP: 25/36 MP: 7/10
  7266 | D:3      | Reached * piety under Okawaru
  7492 | D:4      | Reached skill level 10 in Short Blades
  7714 | D:4      | HP: 10/36 [jacquesderrida's ghost (7)]
  8037 | D:5      | Entered Level 5 of the Dungeon
  8082 | D:5      | Noticed a troll
  8166 | D:4      | Reached skill level 1 in Armour
  8166 | D:4      | Reached XP level 8. HP: 26/41 MP: 8/11
  8468 | D:5      | HP: 10/41 [centaur (4)]
  8479 | D:5      | Reached skill level 2 in Armour
  8758 | D:5      | Reached skill level 11 in Short Blades
  9201 | D:5      | HP: 4/41 [orc priest/divine providence (13)]
  9211 | D:6      | HP: 4/41 [orc priest/divine providence (10)]
  9219 | D:6      | HP: 11/41 [orc priest/nerve-wracking pain (10)]
  9482 | D:6      | Reached skill level 3 in Armour
  9602 | D:6      | HP: 10/41 [giant frog (3)]
  9718 | D:6      | HP: 10/41 [centaur/uncursed flail (11)]
  9728 | D:6      | HP: 7/41 [centaur/uncursed flail (4)]
  9732 | D:6      | HP: 1/41 [centaur/uncursed flail (5)]
  9734 | D:6      | Reached XP level 9. HP: 1/45 MP: 9/12
 10109 | D:6      | Found a shattered altar of Ashenzari.
 10266 | D:6      | Noticed Duvessa
 10275 | D:6      | Noticed Dowan
 10377 | D:5      | Found Igequll's Distillery.
 10388 | D:5      | Reached skill level 12 in Short Blades
 10388 | D:5      | Reached skill level 4 in Armour
 10406 | D:5      | Bought a potion of curing for 36 gold pieces
 10406 | D:5      | Bought a potion of curing for 36 gold pieces
 10406 | D:5      | Bought a potion of curing for 36 gold pieces
 10477 | D:5      | Reached ** piety under Okawaru
 10544 | D:5      | Reached skill level 3 in Dodging
 10924 | D:5      | Found a glowing golden altar of the Shining One.
 11199 | D:4      | HP: 7/45 [troll (9)]
 11439 | D:4      | Reached skill level 4 in Dodging
 11797 | D:6      | Learned a level 2 spell: Repel Missiles
 11800 | D:6      | Learned a level 2 spell: Swiftness
 11813 | D:6      | Killed Dowan
 11915 | D:6      | Killed Duvessa
 11915 | D:6      | Reached skill level 5 in Armour
 11915 | D:6      | Reached skill level 5 in Dodging
 11926 | D:6      | Got a crystal rapier {elec}
 11927 | D:6      | Identified the +3 rapier of Vengeance {elec, rF+ rN+ Int+4} (You took it off Duvessa on level 6 of the Dungeon)
 11928 | D:6      | --Nice Duvessa! Lucky you didn't get to hit me with it (esp while berserk)!
 12393 | D:7      | Reached skill level 1 in Invocations
 12570 | D:7      | Reached skill level 2 in Invocations
 12699 | D:7      | Noticed Pikel
 12709 | D:7      | Killed Pikel
 12709 | D:7      | Reached *** piety under Okawaru
 12709 | D:7      | Reached skill level 3 in Fighting
 12709 | D:7      | Reached skill level 7 in Dodging
 12709 | D:7      | Reached XP level 10. HP: 48/56 MP: 11/13
 12779 | D:7      | Found a staircase to the Ecumenical Temple.
 12949 | D:7      | Found a shimmering altar of Xom.
 13142 | D:7      | Reached skill level 4 in Fighting
 13486 | D:8      | Reached skill level 8 in Dodging
 13503 | D:8      | Reached skill level 5 in Fighting
 13507 | D:8      | HP: 15/59 [killer bee (6)]
 13523 | D:8      | HP: 17/59 [killer bee (1)]
 13789 | D:8      | Reached **** piety under Okawaru
 14020 | D:8      | Reached skill level 9 in Dodging
 14070 | D:8      | HP: 16/60 [killer bee (4)]
 14075 | D:8      | HP: 10/60 [killer bee (6)]
 14582 | D:4      | Reached skill level 6 in Fighting
 14889 | D:8      | Found a sacrificial altar of Ru.
 15343 | D:8      | Reached skill level 7 in Fighting
 15387 | D:8      | Reached skill level 10 in Dodging
 15533 | D:9      | Reached XP level 11. HP: 53/67 MP: 14/14
 15729 | D:9      | Identified a +1 rod of clouds (12/12) (You found it on level 9 of the Dungeon)
 15889 | D:9      | Noticed slayr's ghost (journeyman OgBe)
 15915 | D:9      | HP: 19/67 [slayr's ghost (33)]
 16543 | D:9      | Reached ***** piety under Okawaru
 16591 | D:9      | Reached skill level 8 in Fighting
 16854 | D:9      | HP: 17/68 [slayr's ghost (17)]
 16859 | D:9      | Killed slayr's ghost
 16859 | D:9      | Reached skill level 11 in Dodging
 16907 | D:9      | Found Jempym's Assorted Antiques.
 16921 | D:9      | Bought 2 viscous silvery potions for 68 gold pieces
 17192 | D:10     | Entered Level 10 of the Dungeon
 17721 | D:10     | Reached skill level 9 in Fighting
 17920 | D:10     | Found a staircase to the Lair.
 18025 | D:10     | Received a gift from Okawaru
 18028 | D:10     | Got a pitted rapier {god gift}
 18110 | D:10     | Identified the +1 rapier "Wuq Keoj" {antimagic, rF+ MR+} (Okawaru gifted it to you on level 10 of the Dungeon)
 18334 | D:10     | Noticed an ice dragon
 18734 | Lair:1   | Entered Level 1 of the Lair of Beasts
 18809 | Lair:1   | Reached skill level 12 in Dodging
 19048 | Lair:1   | Reached skill level 10 in Fighting
 19234 | Lair:1   | Reached XP level 12. HP: 77/77 MP: 15/15
 19476 | Lair:1   | Noticed a five-headed hydra
 19490 | Lair:1   | Killed a five-headed hydra
 19490 | Lair:1   | Received a gift from Okawaru
 19490 | Lair:1   | Reached skill level 13 in Dodging
 19687 | Lair:1   | Reached skill level 13 in Short Blades
 19881 | Lair:1   | Noticed Joseph
 19916 | Lair:1   | Killed Joseph
 20304 | Lair:2   | Noticed Gastronok
 20386 | Lair:2   | Killed Gastronok
 20386 | Lair:2   | Reached skill level 14 in Short Blades
 20386 | Lair:2   | Reached skill level 14 in Dodging
 20464 | Lair:2   | Reached ****** piety under Okawaru
 20470 | Lair:2   | Learned a level 1 spell: Apportation
 20473 | Lair:2   | Learned a level 2 spell: Blink
 20519 | Lair:2   | Found a labyrinth entrance.
 20527 | Lab      | Entered a labyrinth
 20543 | Lab      | Received a gift from Okawaru
 20728 | Lab      | Got a distressingly furry shield
 20793 | Lab      | Noticed a minotaur
 20802 | Lab      | Killed a minotaur
 20802 | Lab      | Reached skill level 3 in Invocations
 20802 | Lab      | Reached XP level 13. HP: 82/82 MP: 14/16
 20807 | Lab      | Got an ancient war axe {chop}
 20807 | Lab      | Got a pitted arbalest
 20815 | Lab      | --Wow ring of the mage and a manual of hexes - handy!
 20948 | Lair:2   | Reached skill level 4 in Invocations
 20956 | Lair:2   | Noticed a six-headed hydra
 20967 | Lair:2   | Killed a six-headed hydra
 21192 | Lair:2   | Reached skill level 5 in Invocations
 21516 | Lair:2   | Reached skill level 15 in Dodging
 21571 | Lair:2   | Noticed a five-headed hydra
 21589 | Lair:2   | Killed a five-headed hydra
 21589 | Lair:2   | Reached skill level 4 in Hexes
 21839 | Lair:1   | Learned a level 3 spell: Confuse
 21842 | Lair:1   | Learned a level 2 spell: Ensorcelled Hibernation
 21846 | Lair:1   | Learned a level 3 spell: Dazzling Spray
 21847 | Lair:1   | Upgraded the game from 0.19-a0-1170-g18f0c96 to 0.19-a0-1185-gacb3972
 21917 | Lair:3   | Reached skill level 5 in Hexes
 21917 | Lair:3   | Reached skill level 6 in Invocations
 21925 | Lair:3   | Noticed an eight-headed hydra
 22072 | Lair:3   | Received a gift from Okawaru
 22072 | Lair:3   | Reached skill level 6 in Hexes
 22199 | Lair:3   | Reached skill level 7 in Hexes
 22335 | Lair:3   | Killed an eight-headed hydra
 22548 | Lair:3   | Found a staircase to the Swamp.
 22661 | Lair:3   | Reached skill level 8 in Hexes
 22771 | Lair:3   | Found a hole to the Spider Nest.
 22791 | Lair:3   | Reached skill level 7 in Invocations
 23160 | Lair:4   | Noticed an eight-headed hydra
 23187 | Lair:4   | Killed an eight-headed hydra
 23187 | Lair:4   | Reached skill level 9 in Hexes
 23496 | Lair:4   | Found an opulent altar of Gozag.
 23610 | Lair:4   | Noticed a five-headed hydra
 23677 | Lair:4   | Reached skill level 10 in Hexes
 23809 | Lair:4   | Killed a five-headed hydra
 24196 | Lair:5   | Received a gift from Okawaru
 24325 | Lair:5   | Reached skill level 8 in Invocations
 24325 | Lair:5   | Reached XP level 14. HP: 85/88 MP: 2/20
 24447 | Lair:5   | Found a staircase to the Slime Pits.
 24487 | Lair:5   | Reached skill level 11 in Hexes
 24783 | Lair:5   | Got an encrusted chain mail
 25373 | Lair:6   | Entered Level 6 of the Lair of Beasts
 25429 | Lair:6   | Found a frozen archway.
 25456 | IceCv    | Entered an ice cave
 25649 | IceCv    | Killed a reaper
 26401 | IceCv    | Reached skill level 12 in Hexes
 27187 | Lair:6   | Reached skill level 13 in Hexes
 27962 | Lair:6   | Reached skill level 14 in Hexes
 28038 | Lair:6   | Reached skill level 3 in Spellcasting
 28264 | Lair:6   | Reached skill level 1 in Translocations
 28787 | Lair:6   | Reached skill level 2 in Translocations
 28921 | Lair:6   | Reached skill level 4 in Spellcasting
 29032 | Lair:6   | Noticed B1inky's ghost (journeyman OpMo)
 29053 | Lair:6   | Killed B1inky's ghost
 29158 | Lair:5   | Received a gift from Okawaru
 29246 | Lair:6   | Reached skill level 5 in Spellcasting
 29486 | Lair:6   | Reached skill level 3 in Translocations
 30040 | Lair:6   | Reached skill level 1 in Air Magic
 30105 | Lair:6   | Reached skill level 6 in Spellcasting
 30292 | Lair:6   | Reached XP level 15. HP: 88/92 MP: 16/24
 30396 | Lair:6   | Reached skill level 2 in Air Magic
 30855 | Lair:1   | Learned a level 3 spell: Tukima's Dance
 30861 | Lair:1   | Learned a level 5 spell: Silence
 31052 | D:11     | Reached skill level 7 in Spellcasting
 31283 | D:11     | Reached skill level 3 in Air Magic
 31368 | D:11     | Found a staircase to the Orcish Mines.
 31949 | Orc:1    | Entered Level 1 of the Orcish Mines
 31998 | Orc:1    | Noticed an orc warlord
 32151 | Orc:1    | Killed an orc warlord
 32164 | Orc:1    | Found a radiant altar of Vehumet.
 32338 | Orc:2    | Entered Level 2 of the Orcish Mines
 32339 | Orc:2    | Noticed an orc warlord
 32395 | Orc:1    | Killed an orc warlord
 32395 | Orc:1    | Received a gift from Okawaru
 32395 | Orc:1    | Reached skill level 8 in Spellcasting
 32395 | Orc:1    | Reached skill level 4 in Air Magic
 32697 | Orc:2    | Noticed Saint Roka
 33093 | Orc:2    | Killed Saint Roka
 33093 | Orc:2    | Reached skill level 5 in Air Magic
 33104 | Orc:2    | Found a staircase to the Elven Halls.
 33123 | Orc:2    | Reached skill level 9 in Spellcasting
 33167 | Orc:1    | Found an iron altar of Okawaru.
 33316 | Orc:1    | Reached skill level 5 in Stealth
 33982 | Orc:2    | Received a gift from Okawaru
 33982 | Orc:2    | Reached skill level 1 in Throwing
 33992 | Orc:2    | Got a pair of spiked gloves {god gift}
 34003 | Orc:2    | Identified the +0 pair of gloves of the Valley of Death {rF+ MR+ Str+3 Stlth+} (Okawaru gifted it to you on level 2 of the Orcish Mines)
 34386 | Orc:2    | HP: 23/92 [orc priest/divine providence (14)]
 34469 | Orc:2    | Reached skill level 6 in Stealth
 34644 | Orc:2    | Reached skill level 2 in Throwing
 34653 | Orc:2    | Noticed an orc warlord
 34668 | Orc:2    | Killed an orc warlord
 34940 | Orc:2    | Reached skill level 3 in Throwing
 35045 | Orc:2    | Reached skill level 7 in Stealth
 35571 | Orc:2    | Reached skill level 4 in Throwing
 35697 | Orc:2    | Reached skill level 8 in Stealth
 35775 | Orc:2    | Found Benolioh's Magic Scroll Shoppe.
 35932 | Orc:2    | Gained mutation: You tend to lose your temper in combat. [a neqoxec]
 35933 | Orc:2    | Gained mutation: You are frail. (-10% HP) [a neqoxec]
 36090 | Orc:2    | Reached skill level 5 in Throwing
 36090 | Orc:2    | Reached XP level 16. HP: 87/87 MP: 19/29
 36095 | Orc:2    | Found Satsap's Antique Armour Shoppe.
 36096 | Orc:2    | Found Zukunk's Book Emporium.
 36096 | Orc:2    | Found Unit's Magic Scroll Shoppe.
 36409 | Lair:1   | Lost mutation: You are frail. (-10% HP) [potion of cure mutation]
 36409 | Lair:1   | Lost mutation: You tend to lose your temper in combat. [potion of cure mutation]
 36417 | Lair:1   | Learned a level 3 spell: Portal Projectile
 36424 | Lair:1   | Learned a level 6 spell: Darkness
 36613 | D:12     | Noticed Erolcha
 36626 | D:12     | Killed Erolcha
 36648 | D:12     | Found Taadeoso's General Store.
 36671 | D:12     | Found Difrehaf's Gadget Shoppe.
 36826 | D:12     | Reached skill level 6 in Throwing
 36995 | D:12     | Found Hionnir's Assorted Antiques.
 36999 | D:12     | Bought a bone wand for 124 gold pieces
 37421 | D:13     | Reached skill level 7 in Throwing
 37563 | D:13     | Received a gift from Okawaru
 37564 | D:13     | Got a crude short sword {god gift}
 37568 | D:13     | Identified the +6 short sword of Urgency {pierce, Fragile Dex+2 Stlth+} (Okawaru gifted it to you on level 13 of the Dungeon)
 38367 | D:14     | Reached skill level 8 in Throwing
 38540 | D:14     | Found a portal to a secret trove of treasure.
 38720 | D:14     | Reached skill level 9 in Throwing
 38729 | D:14     | Found a gate to the Vaults.
 39347 | D:14     | Reached skill level 10 in Throwing
 39658 | D:15     | Entered Level 15 of the Dungeon
 39658 | D:15     | Found Dueh's Magic Scroll Emporium.
 39711 | D:15     | Bought a scroll of blinking for 105 gold pieces
 39861 | D:15     | Found a staircase to the Depths.
 39861 | D:15     | Noticed a frost giant
 39864 | D:15     | Killed a frost giant
 39998 | D:15     | Received a gift from Okawaru
 40058 | D:15     | Reached skill level 11 in Fighting
 40604 | D:15     | Found a basalt altar of Yredelemnul.
 40904 | Spider:1 | Entered Level 1 of the Spider Nest
 40935 | Spider:1 | Reached XP level 17. HP: 90/106 MP: 22/30
 41004 | Spider:1 | Reached skill level 16 in Dodging
 41280 | Spider:1 | Received a gift from Okawaru
 41365 | Spider:1 | Reached skill level 12 in Fighting
 42185 | Spider:1 | Noticed Josephine
 42368 | Spider:1 | Killed Josephine
 42810 | Spider:2 | Gained mutation: You have a pair of small horns on your head. [potion of beneficial mutation]
 42867 | Spider:2 | Received a gift from Okawaru
 43057 | Lair:1   | Lost mutation: You have a pair of small horns on your head. [potion of cure mutation]
 43491 | Spider:2 | Received a gift from Okawaru
 43491 | Spider:2 | Reached skill level 17 in Dodging
 43527 | Spider:2 | Reached skill level 13 in Fighting
 43611 | Spider:2 | HP: 31/108 [redback (3)]
 44426 | Spider:3 | HP: 31/108 [wolf spider (14)]
 44440 | Spider:3 | HP: 19/108 [wolf spider (15)]
 44449 | Spider:3 | HP: 9/108 [wolf spider (13)]
 44449 | Spider:3 | HP: 4/108 [demonic crawler (5)]
 44449 | Spider:3 | Slain by a demonic crawler

Vault maps used:
D:1:      dpeg_arrival_orchard, glass_columns_a, minmay_misc_feat_chi,
          kennysheep_crisscross
D:2:      lemuel_zombie_altar_yredelemnul, lemuel_round_altar
D:3:      gammafunk_temple_overflow_pools, first_bread, grunt_decor_clamped
D:4:      nicolae_gozag_zags_fifth_avenue, minitemple, serial_shops, shop, shop,
          kennysheep_little_box, nicolae_shop_waterfront,
          nicolae_shop_statue_plus, minmay_crystal_water
D:5:      kennysheep_mini, serial_shops, shop_fountains, dk_noncrumbling_2
D:6:      old_standard_altar, uniq_duvessa
D:7:      xom_butterflies, uniq_pikel
D:8:      lemuel_crystal_altar, david_nohive_1
D:9:      serial_column_ruins, column_ruins_hut_pillars, column_ruins_grid_1,
          column_ruins_open_small, column_ruins_corridor_straight,
          column_ruins_columns_straight, serial_shops, shop
D:10:     minmay_coctagon, grunt_lair_entry_orc_guard_hut
D:11:     hiddenorc1_lemuel
D:12:     serial_shops, shop, shop, shop_fountains, uniq_erolcha
D:14:     david_vaults_5, kennysheep_cross_bottleneck,
          nicolae_trove_entry_columns, spider_trap
D:15:     grunt_enter_depths_snipers, serial_shops, shop,
          lemuel_mausoleum_altar_yredelemnul
Lair:1:   minmay_lair_oklob_chamber, grunt_forest_small_clearings, uniq_joseph
Lair:2:   lab_entry_generic, lemuel_fruit_tree, infiniplex_staircase_pool,
          uniq_gastronok
Lair:3:   swamp_mist_pool, nicolae_spider_entry_non_spiders,
          bh_autumn_forest_stairs, lemuel_fruit_fields
Lair:4:   lemuel_centaur_altar
Lair:5:   minmay_slime_entry_oklob_enclosed, infiniplex_staircase_pool_2
Lair:6:   minmay_lair_end_enchanted_forest, portal_ice_cave_entry_pillars_1,
          grunt_megastairs_1, serial_bayou_shore_a
Spider:1: hangedman_spider_tarantella_strand, uniq_josephine
Spider:2: nicolae_spider_mines_1
Orc:1:    basic_altar, okawaru_metal_pillars_3
Orc:2:    st_orc_pillars, uniq_saint_roka
Lab:      labyrinth_watery, labyrinth_skeletal_remains, nicolae_lab_big_swirl,
          nicolae_lab_quarters, nicolae_lab_starburst, labyrinth_glass_1,
          nicolae_lab_statue
IceCv:    ice_cave_small_demon

Skill      XL: |  1  2  3  4  5  6  7  8  9 10 11 12 13 14 15 16 17 |
---------------+----------------------------------------------------+-----
Short Blades   | 2 3 4 5 7 9 10 11 12 14 | 14.1
Armour         | 1 3 5 |  5.1
Dodging        | 7 10 12 14 15 17 | 17.0
Invocations    | 2 3 8 |  8.0
Fighting       | 3 7 10 11 13 | 13.0
Hexes          | 10 14 | 14.4
Spellcasting   | 6 9 |  9.5
Translocations | 3 |  3.0
Air Magic      | 1 5 |  5.0
Stealth        | 8 |  8.0
Throwing       | 5 10 | 10.0

Action                   |  1- 3 |  4- 6 |  7- 9 | 10-12 | 13-15 | 16-18 || total
-------------------------+-------+-------+-------+-------+-------+-------++-------
Melee: Dagger            |    85 |    35 |    16 |     3 |       |       ||   139
       Short sword       |    41 |   264 |   438 |       |       |       ||   743
       Punch             |       |       |     1 |     3 |     2 |     1 ||     7
       Rapier            |       |       |    68 |   665 |  1474 |   674 ||  2881
       Quick blade       |       |       |       |       |    16 |       ||    16
       Headbutt          |       |       |       |       |       |     6 ||     6
 Fire: Shortbow          |       |       |    68 |   227 |   126 |       ||   421
Throw: Stone             |     3 |     9 |     1 |       |       |       ||    13
       Tomahawk          |       |     8 |     5 |     3 |    17 |     1 ||    34
       Throwing net      |       |       |       |     1 |     1 |     1 ||     3
 Cast: Corona            |     4 |    44 |    60 |    76 |     2 |       ||   186
       Ensorcelled Hiber |       |       |       |       |   183 |   156 ||   339
       Confuse           |       |       |       |       |    91 |    94 ||   185
       Dazzling Spray    |       |       |       |       |    75 |    22 ||    97
       Repel Missiles    |       |       |       |       |     6 |     1 ||     7
       Apportation       |       |       |       |       |     5 |       ||     5
       Tukima's Dance    |       |       |       |       |    47 |    18 ||    65
       Silence           |       |       |       |       |     2 |       ||     2
       Darkness          |       |       |       |       |       |     5 ||     5
       Swiftness         |       |       |       |       |       |     1 ||     1
Invok: Heroism           |       |       |    13 |    16 |    15 |     2 ||    46
Evoke: Wand              |       |       |     1 |     1 |     3 |       ||     5
  Use: Scroll            |     2 |     9 |     4 |     9 |    14 |     7 ||    45
       Potion            |       |     1 |     1 |     2 |     1 |     3 ||     8
 Stab: Sleeping          |    10 |    10 |     3 |    11 |    98 |   145 ||   277
       Distracted        |       |     1 |       |       |     3 |     6 ||    10
       Held in net/web   |       |       |       |     1 |     3 |     2 ||     6
       Confused          |       |       |       |       |    51 |    53 ||   104
       Invisible         |       |       |       |       |    31 |     7 ||    38
  Eat: Chunk             |    10 |    15 |    24 |    29 |    63 |    29 ||   170
Armor: Robe              |    19 |     2 |       |       |       |       ||    21
       Ring mail         |       |    65 |    65 |    58 |       |       ||   188
       Steam dragon armo |       |       |       |    26 |   140 |    80 ||   246
Dodge: Dodged            |    72 |   146 |   221 |   508 |  1227 |   627 ||  2801
       Deflected         |       |       |       |       |     6 |     6 ||    12
Block: Other             |       |    10 |    29 |    61 |   134 |    69 ||   303
       Reflection        |       |       |     2 |     5 |     5 |       ||    12

Table legend:
 A = Turns spent in this place as a percentage of turns spent in the entire game.
 B = Non-inter-level travel turns spent in this place as a percentage of non-inter-level travel turns spent in the entire game.
 C = Inter-level travel turns spent in this place as a percentage of turns spent in this place.
 D = Turns resting spent in this place as a percentage of non-inter-level travel turns spent in this place.
 E = Turns spent auto-exploring this place as a percentage of non-inter-level travel turns spent in this place.
 F = Non-inter-level travel turns spent in this place divided by the number of levels of this place that you've seen.
                   A       B       C       D       E      F
               +-------+-------+-------+-------+-------+----------------------
         Total | 100.0 | 100.0 |   0.5 |   2.6 |   2.7 | 674.9
       Dungeon |  50.6 |  50.5 |   0.5 |   2.4 |   3.3 | 636.7
          Lair |  26.8 |  26.7 |   0.5 |   1.8 |   2.6 | 842.3
   Spider Nest |   6.4 |   6.4 |   0.3 |   5.0 |   3.6 | 402.7
  Orcish Mines |  12.2 |  12.2 |   0.2 |   3.1 |   0.9 | 1157.0
     Labyrinth |   1.1 |   1.1 |   0.0 |   1.9 |   0.0 | 213.0
      Ice Cave |   2.9 |   3.0 |   0.0 |   5.7 |   0.0 | 558.0
               +-------+-------+-------+-------+-------+----------------------

Vault maps used:
D:1:      dpeg_arrival_orchard, glass_columns_a, minmay_misc_feat_chi,
          kennysheep_crisscross
D:2:      lemuel_zombie_altar_yredelemnul, lemuel_round_altar
D:3:      gammafunk_temple_overflow_pools, first_bread, grunt_decor_clamped
D:4:      nicolae_gozag_zags_fifth_avenue, minitemple, serial_shops, shop, shop,
          kennysheep_little_box, nicolae_shop_waterfront,
          nicolae_shop_statue_plus, minmay_crystal_water
D:5:      kennysheep_mini, serial_shops, shop_fountains, dk_noncrumbling_2
D:6:      old_standard_altar, uniq_duvessa
D:7:      xom_butterflies, uniq_pikel
D:8:      lemuel_crystal_altar, david_nohive_1
D:9:      serial_column_ruins, column_ruins_hut_pillars, column_ruins_grid_1,
          column_ruins_open_small, column_ruins_corridor_straight,
          column_ruins_columns_straight, serial_shops, shop
D:10:     minmay_coctagon, grunt_lair_entry_orc_guard_hut
D:11:     hiddenorc1_lemuel
D:12:     serial_shops, shop, shop, shop_fountains, uniq_erolcha
D:14:     david_vaults_5, kennysheep_cross_bottleneck,
          nicolae_trove_entry_columns, spider_trap
D:15:     grunt_enter_depths_snipers, serial_shops, shop,
          lemuel_mausoleum_altar_yredelemnul
Lair:1:   minmay_lair_oklob_chamber, grunt_forest_small_clearings, uniq_joseph
Lair:2:   lab_entry_generic, lemuel_fruit_tree, infiniplex_staircase_pool,
          uniq_gastronok
Lair:3:   swamp_mist_pool, nicolae_spider_entry_non_spiders,
          bh_autumn_forest_stairs, lemuel_fruit_fields
Lair:4:   lemuel_centaur_altar
Lair:5:   minmay_slime_entry_oklob_enclosed, infiniplex_staircase_pool_2
Lair:6:   minmay_lair_end_enchanted_forest, portal_ice_cave_entry_pillars_1,
          grunt_megastairs_1, serial_bayou_shore_a
Spider:1: hangedman_spider_tarantella_strand, uniq_josephine
Spider:2: nicolae_spider_mines_1
Orc:1:    basic_altar, okawaru_metal_pillars_3
Orc:2:    st_orc_pillars, uniq_saint_roka
Lab:      labyrinth_watery, labyrinth_skeletal_remains, nicolae_lab_big_swirl,
          nicolae_lab_quarters, nicolae_lab_starburst, labyrinth_glass_1,
          nicolae_lab_statue
IceCv:    ice_cave_small_demon
